 Dungeon Crawl Stone Soup version 0.19.1-1-g22dce08 (console) character file.

73 Lahna the Cutter (level 4, -11/30 HPs)
             Began as a Halfling Fighter on Jan 13, 2017.
             Killed by divine providence
             ... invoked by an orc priest
              (13 damage)
             ... on level 4 of the Dungeon.
             The game lasted 00:06:41 (2083 turns).

Lahna the Cutter (Halfling Fighter)                 Turns: 2083, Time: 00:06:41

Health: -11/30     AC:  6    Str: 24    XL:     4   Next: 51%
Magic:  4/4        EV:  9    Int: 11    God:
Gold:   149        SH: 10    Dex: 13    Spells: 0 memorised, 3 levels left

rFire  . . .     SeeInvis .     a - +0 rapier
rCold  . . .     Gourm    .     b - +0 scale mail
rNeg   . . .     Faith    .     c - +0 shield
rPois  .         Spirit   .     (no helmet)
rElec  .         Reflect  .     (no cloak)
rCorr  .         Harm     .     (no gloves)
MR     .....                    (no boots)
Stlth  +.........               (no amulet)
                                t - +5 ring of intelligence
                                p - +6 ring of strength

@: no status effects
A: mutation resistance 1
a: no special abilities


You were on level 4 of the Dungeon.
You were not hungry.

You visited 1 branch of the dungeon, and saw 4 of its levels.

You collected 149 gold pieces.

Inventory:

Hand Weapons
 a - a +0 rapier (weapon)
Armour
 b - a +0 scale mail (worn)
 c - a +0 shield (worn)
 w - a +0 pair of boots
Jewellery
 p - a +6 ring of strength (left hand)
 t - a +5 ring of intelligence (right hand)
 y - an uncursed ring of magical power
Wands
 n - a wand of teleportation (1/9)
 x - a wand of disintegration (13/24)
Scrolls
 j - a scroll of enchant weapon {unknown}
 k - a scroll of noise {unknown}
 l - 3 scrolls of identify {unknown}
 m - a scroll of fear {unknown}
 o - a scroll of random uselessness {unknown}
 s - 2 scrolls of remove curse {unknown}
 z - a scroll of amnesia {unknown}
Potions
 d - a potion of might
 e - a potion of berserk rage {unknown}
 g - a potion of flight {unknown}
 h - a potion of curing {unknown}
 i - a potion of cancellation {unknown}
 u - a potion of cure mutation {unknown}
 A - a potion of beneficial mutation {unknown}
Comestibles
 f - 4 bread rations
 q - a meat ration
 r - a beef jerky
 v - 3 fruits


   Skills:
 - Level 2.6 Fighting
 + Level 4.5 Short Blades
 - Level 3.2 Armour
 * Level 2.4 Stealth
 - Level 3.2 Shields


You had 3 spell levels left.
You didn't know any spells.

Dungeon Overview and Level Annotations

Branches:
Dungeon (4/15)
 Temple: D:4-7

Altars:
Fedhas
Zin


Innate Abilities, Weirdness & Mutations

You are small and have problems with some larger weapons.
You are somewhat resistant to further mutation.


Message History

l - 3 scrolls labeled YSAQUU SITRUKK (gained 1)
A - an amethyst potion You now have 149 gold pieces (gained 6).
Found a scale mail.
Found a stone staircase leading up.
You see here a scale mail. 2 orc priests and an orc wizard come into view.
The orc priest shouts!
The orc wizard shouts!
The orc priest shouts!
The orc priest calls down the wrath of Beogh upon you.
Beogh smites you!
Ouch! That really hurt!
An orc comes into view.
There is a stone staircase leading up here.
You see here a scale mail.
The orc priest looks braver for a moment.
The orc priest mumbles some strange prayers to Beogh against you.
Pain shoots through your body!
* * * LOW HITPOINT WARNING * * *
The orc priest invokes the aid of Beogh against you.
Beogh smites you!
You die...

### #############
..#####.........@.#
#...........#####.#
#######.#.#.# #.#
#.#.#.# #.# #.#.#.#
#.# #.#.#.# #.#
..#.#.# #o# ###.#.#
#o# #.#.#


#o..o.ooo You could see an orc priest and an orc wizard.

Vanquished Creatures
  3 adders (D:3)
  A dart slug (D:1)
  A leopard gecko (D:3)
  2 ball pythons
  A giant cockroach (D:3)
  8 goblins
  2 hobgoblins
  6 jackals (D:3)
  2 quokkas
  4 bats (D:1)
  2 frilled lizards
  8 kobolds
  2 rats
42 creatures vanquished.

Notes
Turn   | Place    | Note
-------+----------+-------------------------------------------
     0 | D:1      | Lahna the Halfling Fighter began the quest for the Orb.
     0 | D:1      | Reached XP level 1. HP: 15/15 MP: 1/1
   155 | D:1      | Reached skill level 3 in Short Blades
   189 | D:1      | Reached XP level 2. HP: 19/20 MP: 2/2
  1139 | D:3      | Reached skill level 1 in Stealth
  1159 | D:3      | Reached XP level 3. HP: 25/25 MP: 3/3
  1216 | D:3      | Reached skill level 4 in Short Blades
  1335 | D:3      | Found a blossoming altar of Fedhas.
  1389 | D:3      | Found a glowing silver altar of Zin.
  1456 | D:3      | Reached XP level 4. HP: 29/30 MP: 4/4
  2083 | D:4      | Killed from afar by an orc priest

Skill      XL: |  1  2  3 |
---------------+----------+-----
Short Blades   | 3 4 |  4.5
Stealth        | 1 2 |  2.4
Fighting       | |  2.6
Armour         | |  3.2
Shields        | |  3.2

Action                   |  1- 3 |  4- 6 || total
-------------------------+-------+-------++-------
Melee: Rapier            |   108 |    46 ||   154
  Eat: Chunk             |     2 |     2 ||     4
Armor: Scale mail        |    35 |    13 ||    48
Dodge: Dodged            |    31 |    16 ||    47
Block: Shield            |    56 |    24 ||    80
